AoeStats
← Kiritastrich

Migration

504214022Analyzed
1v1 RM · 27d ago on Sep 4, 2026· 34m 44s· 2 players
Game mode
Random Map
Map size
132×132
Population
200
Speed
Normal
Resources
Standard
Victory
Conquest
Starting age
Dark Age
Ending age
Imperial Age
RankedLock teamsTeams togetherTeam positionsShared explorationLock speedFull tech treeHidden civsTurbo modeCheats
Victory
Defeat
🇦🇷 Dravidians · Argentina
1791
+17
🇷🇺 Magyars · Russia
1814
-17
DGHIR | Black Monk
12:42 Feudal Age
13:18 Double-Bit Axe
16:19 Castle Age
14:33 Gold Mining
15:36 Fishing Lines
17:14 Medium Warships
17:08 Gillnets
17:59 Wheelbarrow
18:10 Bow Saw
17:38 Demolition Ship
20:03 Fletching
20:41 Bodkin Arrow
20:39 Loom
27:13 Imperial Age
25:45 Hand Cart
26:41 Padded Archer Armor
27:56 Bracer
29:25 Heavy Warships
28:51 Pikeman
29:32 Scale Mail Armor
29:32 Halberdier
32:56 Chemistry
31:43 Horse Collar
32:42 Chain Mail Armor
Kiritastrich
5:34 Loom
13:55 Feudal Age
15:29 Double-Bit Axe
15:28 Fishing Lines
18:03 Castle Age
16:16 Gold Mining
19:14 Medium Warships
19:31 Bow Saw
20:21 Gillnets
20:13 Light Cavalry
20:53 Stone Mining
22:22 Fletching
23:41 Bodkin Arrow
25:27 Guard Tower
26:37 Treadmill Crane
28:32 Ballistics
32:39 Murder Holes
Connection lost

Rejoining the realm…

Still unreachable

The connection could not be restored.

Session expired

The server has moved on; the page needs a fresh start.